cohdb
Replays
Latest Replays
All Replays
Popular Replays
Top Player Replays
Match Explorer
How It Works
Community
CoH3 Stats
Reddit
Sign in to upload your games and track your stats! →
Sign in with Steam
Match 41345237
Unlisted
Match 41345237
Overview
Messages
Build Orders
End
Kradschützen Motorcycle Team
Selects Panzerjäger Kommand Battlegroup
Selects Mine Fields
Panzergrenadier Squad
Panzerpioneer Squad
Panzerpioneer Squad
Construct Light Support Kompanie
250 Light Carrier
Selects Mine Fields
Selects GrB 39 Grenade Launcher Requisition
Selects Mine Fields
Selects GrB 39 Grenade Launcher Requisition
Combat Half-tracks
Construct Mechanized Kompanie
桂妮薇尔
WARNING ORDER: ZULU!!!
0
0
Comments
sign in to comment!
No comments posted yet!